 Dungeon Crawl Stone Soup version 0.22-a0-181-gb22368a (webtiles) character file.

94951 Amnesiac the Thaumaturge (level 15, -8/105 HPs)
             Began as a Mummy Earth Elementalist on Feb 14, 2018.
             Was a High Priest of Ashenzari.
             Mangled by a dire flail of protection (27 damage)
             ... on level 1 of the Elven Halls on Feb 15, 2018.
             The game lasted 01:33:35 (32673 turns).

Amnesiac the Thaumaturge (MuEE)                    Turns: 32673, Time: 01:33:35

Health: -8/105     AC:  8    Str: 18    XL:     15   Next: 65%
Magic:  0/31       EV: 16    Int: 20    God:    Ashenzari [*****.]
Gold:   1561       SH: 12    Dex: 13    Spells: 4/39 levels left

rFire    + . .     SeeInvis +   b - staff of earth
rCold    + + .     Gourm    .   z - +0 shield (curse)
rNeg     + + +     Faith    .   B - +2 robe {rF+} (curse)
rPois    ∞         Spirit   +   (no helmet)
rElec    .         Reflect  .   g - +0 cloak (curse)
rCorr    .         Harm     .   k - +0 pair of gloves (curse)
MR       +....     Clarity  +   L - +1 pair of boots of Ucsesoke {rPois rC+ Regen+ Stlth-}
Stlth    ++++......             h - amulet of guardian spirit (curse)
HPRegen  0.67/turn              A - +6 ring of strength (curse)
MPRegen  0.22/turn              s - ring of protection from fire

@: very slightly contaminated
A: no food or potions, fire vulnerability, cold resistance 1, negative energy
resistance 3, torment resistance, unbreathing, in touch with death 1
a: Curse Item, Scrying, Transfer Knowledge, Renounce Religion


You were on level 1 of the Elven Halls.
You worshipped Ashenzari.
Ashenzari was extremely pleased with you.
You were not hungry.

You visited 3 branches of the dungeon, and saw 18 of its levels.
You also visited: Bailey.

You collected 2717 gold pieces.
You spent 1156 gold pieces at shops.

Inventory:

Hand Weapons
 a - a +3 dagger of draining
 w - a +0 blowgun
 J - a +4 dagger
Missiles
 d - 7 curare-tipped needles
 e - 77 poisoned needles
 f - 204 stones (quivered)
 F - 2 throwing nets
Armour
 c - the +3 salamander hide armour {+Rage rF++}
   (You found it on level 13 of the Dungeon)

   It greatly protects you from fire.
   It lets you go berserk.
 g - a cursed +0 cloak (worn)
 k - a cursed +0 pair of gloves (worn)
 z - a cursed +0 shield (worn)
 B - a cursed +2 robe of fire resistance (worn)
 K - the +0 buckler "Naegot" {*Drain rPois Int+5}
   (You bought it in a shop on level 4 of the Dungeon)

   It affects your intelligence (+5).
   It protects you from poison.
   It causes draining when unequipped.
 L - the +1 pair of boots of Ucsesoke (worn) {rPois rC+ Regen+ Stlth-}
   (You bought it in a shop on level 4 of the Dungeon)

   It protects you from cold.
   It protects you from poison.
   It increases your rate of regeneration.
   It makes you less stealthy.
Magical Staves
 b - an uncursed staff of earth (weapon)
Jewellery
 h - a cursed amulet of guardian spirit (around neck)
 s - a ring of protection from fire (right hand)
 A - a cursed +6 ring of strength (left hand)
Wands
 i - a wand of iceblast (8)
 l - a wand of random effects (20)
 r - a wand of enslavement (14)
 x - a wand of disintegration (23)
 y - a wand of polymorph (11)
 D - a wand of paralysis (4)
 G - a wand of flame (27)
Scrolls
 j - 6 scrolls of magic mapping {!r}
 m - a scroll of noise {!r}
 n - 2 scrolls of amnesia {!r}
 p - 4 scrolls of enchant weapon {!r}
 q - 6 scrolls of identify {!r}
 u - a scroll of brand weapon {!r}
 C - a scroll of torment {!r}
 E - 3 scrolls of remove curse {!r}
 H - a scroll of vulnerability {!r}
Miscellaneous
 o - a lamp of fire


   Skills:
 - Level 6.0 Fighting
 - Level 10.1 Short Blades
 - Level 6.0(8.8) Dodging
 - Level 8.0(10.7) Stealth
 - Level 10.0(12.4) Shields
 - Level 12.6 Spellcasting
 - Level 6.0(8.7) Conjurations
 + Level 2.1(4.2) Hexes
 - Level 1.0(2.5) Transmutations
 - Level 12.6(14.9) Earth Magic


You had 4 spell levels left.
You knew the following spells:

 Your Spells              Type           Power        Failure   Level  Hunger
a - Sandblast             Erth           ######       0%          1    N/A
b - Passwall              Tmut/Erth      ######....   1%          2    N/A
c - Iron Shot             Conj/Erth      ######....   9%          6    N/A
d - Lee's Rapid Deconstr  Erth           #######...   1%          5    N/A
e - Petrify               Tmut/Erth      ######..     1%          4    N/A
g - Cause Fear            Hex            ####......   13%         4    N/A
i - Apportation           Tloc           ##....       6%          1    N/A
j - Invisibility          Hex            ####....     89%         6    N/A
q - Poisonous Vapours     Pois/Air       ##....       10%         2    N/A
r - Summon Butterflies    Summ           ##......     6%          1    N/A
w - Mephitic Cloud        Conj/Pois/Air  ####....     6%          3    N/A

Dungeon Overview and Level Annotations

Branches:
Dungeon (15/15)            Temple (0/1) D:7            Lair (0/6) D:8
    Orc (2/2) D:9             Elf (1/3) Orc:2        Vaults (0/5) D:13
 Depths (0/5) D:15

Altars:
Ashenzari
Cheibriados
Elyvilon
Fedhas
Gozag
Hepliaklqana
Kikubaaqudgha
Makhleb
Nemelex Xobeh
Okawaru
Ru
Sif Muna
Trog
Vehumet
Xom
Zin
The Shining One
Beogh

Shops:
D:4 *   D:8 *   D:9 :   D:10 }   Orc:2 [[!*[


Innate Abilities, Weirdness & Mutations

You do not eat or drink.
Your flesh is vulnerable to fire.
You are immune to poison.
Your flesh is cold resistant. (rC+)
You are immune to negative energy. (rN+++)
You are immune to unholy pain and torment.
You can survive without breathing.
You are in touch with the powers of death.


Message History

The deep elf mage mumbles some strange words.
The deep elf mage blinks!
The dire flail of protection barely misses you.
An orc high priest comes into view. It is wielding a dire flail.
You open the door. The dire flail of protection hits you!
* * * LOW HITPOINT WARNING * * *
The dire flail of protection barely misses you.
The deep elf knight gestures wildly while chanting.
The deep elf knight seems to speed up.
There is an open door here.
The dire flail of protection hits you!!
* * * LOW HITPOINT WARNING * * *
You hear a shout!
Okay, then.
An orc comes into view. It is wielding a flail.
An orc wizard comes into view. It is wielding a dagger.
The dire flail of protection hits you!!
* * * LOW HITPOINT WARNING * * *
An ogre comes into view. It is wielding a giant club.
The ogre shouts!
Really read
v - a scroll of blinking {!r}?
Blink to where?
Press: ? - help, Dir - move target cursor You are very lightly contaminated with residual magic.
As you read the scroll of blinking {!r}, it crumbles to dust.
Casting: Lee's Rapid Deconstruction (safe; 1% risk of failure)
Confirm with . or Enter, or press ? or * to list all spells.
Okay, then.
You can't drink.
Okay, then.
Casting: Lee's Rapid Deconstruction (safe; 1% risk of failure)
Confirm with . or Enter, or press ? or * to list all spells.
Okay, then.
Casting: Lee's Rapid Deconstruction (safe; 1% risk of failure)
Confirm with . or Enter, or press ? or * to list all spells.
Okay, then.
Unknown command.
Casting: Lee's Rapid Deconstruction (safe; 1% risk of failure)
Confirm with . or Enter, or press ? or * to list all spells.
The dire flail of protection completely misses your butterfly.
Adjust (i)tems, (s)pells, or (a)bilities?
Adjust which spell? h - Summon Butterflies Adjust to which letter?
Okay, then.
Casting: Summon Butterflies (safe; 6% risk of failure)
Confirm with . or Enter, or press ? or * to list all spells.
Okay, then.
Adjust (i)tems, (s)pells, or (a)bilities?
Adjust which spell? h - Summon Butterflies Adjust to which letter? r - Summon Butterflies The dire flail of protection completely misses your butterfly.
You swap places.
The dire flail of protection hits your butterfly!!
Your butterfly dies!
Casting: Summon Butterflies (safe; 6% risk of failure)
Confirm with . or Enter, or press ? or * to list all spells.
Which direction?
You feel a surge of power!
You begin to meditate on the wall.
You continue meditating on the rock.
The dire flail of protection hits you!!
You die...

####### ####
#....{# #...
#.###.# ###.##
##.###.#######.....
#....b..b.(..#.#.#.
#..#.#.#####.#.#.#.
#########.#.#
#.......
##...≈≈≈@(...#
###.#...
##.[..≈≈≈..##.#
####.##..
#....)≈≈≈≈.##.#
#...%(...
#....≈)bb≈....#
#........
#..<.)≈≈≈≈..#.#
#........
#....≈≈≈≈≈....#
#........
#....≈≈≈≈≈..###
#........
##....≈≈≈...#
#........
##...≈≈≈...#
#....!...


You could see a dire flail of protection.

Vanquished Creatures
  Rupert (D:13)
  Gastronok (D:10)
  Frances (D:13)
  Roxanne (D:14)
  An orc warlord (Orc:1)
  Azrael (D:14)
  2 ettins
  Josephine (D:13)
  2 ogre magi
  An ice dragon (D:13)
  4 vault guards
  3 hydras
  Erolcha (D:11)
  The ghost of wintastic the Stickfighter, a journeyman DsGl of Okawaru (D:11)
  6 centaur warriors
  2 death knights (D:13)
  16 two-headed ogres
  Erica (Orc:1)
  5 tengu warriors
  Urug (D:11)
  9 orc high priests
  A deep elf knight (Elf:1)
  Sonja (D:11)
  A fire crab (shapeshifter) (D:13)
  2 wizards
  A deep troll (D:15)
  A deep elf archer (D:15)
  3 unseen horrors
  An obsidian statue (D:12)
  A flayed ghost (D:14)
  A harpy (D:13)
  2 orc knights
  7 deep elf magi (Elf:1)
  2 manticores
  4 orc sorcerers
  10 cyclopes
  7 ugly things
  Maurice (D:9)
  6 centaur zombies
  3 gargoyles
  The ghost of p0werm0de the Ducker, a novice OpSk of Ashenzari (D:6)
  2 efreet (D:14)
  A komodo dragon (shapeshifter) (D:13)
  2 freezing wraiths
  A merfolk (shapeshifter) (D:13)
  4 meliai
  8 trolls
  A wind drake (shapeshifter) (D:14)
  A hornet (D:12)
  Grinder (D:1)
  9 slime creatures
  4 hippogriffs
  A spriggan (D:10)
  A vampire (D:8)
  A water elemental (D:12)
  23 yaks
  A shadow (D:15)
  4 fire elementals
  5 wraiths
  2 wyverns
  Eustachio (D:6)
  A steam dragon (D:11)
  3 hungry ghosts
  3 vampire mosquitoes
  7 wargs
  3 acid dragons
  3 hell hounds (D:14)
  Duvessa (D:6)
  4 ice beasts
  19 orc warriors
  4 sky beasts
  4 necrophages
  5 phantoms
  2 hornet zombies (D:8)
  2 eyes of draining
  16 ogres
  4 centaurs
  2 big kobolds (D:10)
  A wyvern zombie (D:13)
  10 bullfrogs
  Dowan (D:6)
  A wyvern skeleton (D:13)
  5 scorpions
  28 killer bees
  6 howler monkeys
  14 wights
  3 vampire bats (D:6)
  2 lava snakes (D:15)
  11 crimson imps
  3 bullfrog zombies
  8 hounds
  A quasit (D:9)
  2 jellies
  42 orc priests
  28 orc wizards
  A bullfrog skeleton (D:9)
  4 centaur skeletons
  3 iguanas
  11 worker ants
  A killer bee zombie (D:7)
  A hound zombie (D:8)
  5 worker ant zombies
  A howler monkey zombie (D:5)
  12 gnolls
  11 adders
  3 shadow imps
  2 oozes
  2 adder zombies
  An adder skeleton (D:5)
  A dart slug (D:15)
  3 worms
  6 leopard geckos
  85 orcs
  A ball python (D:3)
  6 bat skeletons (D:6)
  5 giant cockroaches
  6 goblins
  7 hobgoblins
  17 jackals
  3 quokkas
  5 bats
  9 frilled lizards
  24 kobolds
  A leopard gecko skeleton (D:5)
  14 rats
  A fire vortex (D:15)
691 creatures vanquished.

Vanquished Creatures (others)
  A centaur skeleton (D:10)
  A centaur simulacrum (D:15)
  A yak (shapeshifter) (D:14)
  A wyvern (D:10)
  A water moccasin (D:13)
  A howler monkey (D:14)
  An orc wizard (D:10)
  A worker ant (D:10)
  An orc (D:10)
  A bush (D:8)
  5 plants (D:8)
15 creatures vanquished.

Grand Total: 706 creatures vanquished

Notes
Turn   | Place    | Note
-------+----------+-------------------------------------------
     0 | D:1      | Amnesiac the Mummy Earth Elementalist began the quest for the Orb.
     0 | D:1      | Reached XP level 1. HP: 13/13 MP: 4/4
    84 | D:1      | Reached XP level 2. HP: 19/19 MP: 1/5
   106 | D:1      | Learned a level 2 spell: Passwall
   416 | D:2      | Reached skill level 1 in Transmutations
   416 | D:2      | Reached XP level 3. HP: 22/24 MP: 1/7
   565 | D:3      | Noticed Grinder
   577 | D:3      | Paralysed by Grinder for 3 turns
   602 | D:1      | Killed Grinder
   602 | D:1      | Reached XP level 4. HP: 20/30 MP: 0/10
   602 | D:1      | Reached XP level 5. HP: 23/35 MP: 0/11
   683 | D:3      | Found a snail-covered altar of Cheibriados.
   807 | D:4      | Found Yraogatu's Assorted Antiques.
  1054 | D:4      | Reached XP level 6. HP: 41/41 MP: 7/12
  1303 | D:4      | Found a sparkling altar of Nemelex Xobeh.
  1408 | D:4      | Learned a level 4 spell: Petrify
  1414 | D:4      | Learned a level 5 spell: Lee's Rapid Deconstruction
  1496 | D:4      | Reached skill level 5 in Spellcasting
  1496 | D:4      | Reached skill level 5 in Earth Magic
  1506 | D:4      | Found a sacrificial altar of Ru.
  1744 | D:4      | Reached XP level 7. HP: 46/46 MP: 11/15
  2203 | D:5      | Entered Level 5 of the Dungeon
  2250 | D:5      | Reached skill level 1 in Short Blades
  2457 | D:5      | Reached XP level 8. HP: 43/52 MP: 10/17
  2684 | D:5      | Found a white marble altar of Elyvilon.
  2684 | D:5      | Found a burning altar of Makhleb.
  2877 | D:5      | Found a shattered altar of Ashenzari.
  2881 | D:5      | Became a worshipper of Ashenzari the Shackled
  2890 | D:5      | Found a glowing golden altar of the Shining One.
  3166 | D:2      | Found a radiant altar of Vehumet.
  3863 | D:3      | Found an iron altar of Okawaru.
  4435 | D:6      | Reached skill level 1 in Shields
  4603 | D:6      | Reached * piety under Ashenzari
  4606 | D:6      | Reached XP level 9. HP: 57/57 MP: 5/20
  4827 | D:6      | Noticed p0werm0de's ghost (novice OpSk)
  4843 | D:6      | Killed p0werm0de's ghost
  5000 | D:6      | Reached skill level 1 in Fighting
  5067 | D:6      | Noticed Duvessa
  5073 | D:6      | Noticed Dowan
  5081 | D:6      | Killed Duvessa
  5084 | D:6      | Killed Dowan
  5127 | D:6      | Found a glowing silver altar of Zin.
  5129 | D:6      | Noticed Eustachio
  5142 | D:6      | Killed Eustachio
  5319 | D:6      | Reached skill level 5 in Fighting
  5370 | D:6      | Found an ancient bone altar of Kikubaaqudgha.
  5969 | D:7      | Found a staircase to the Ecumenical Temple.
  6020 | D:7      | Found an opulent altar of Gozag.
  6121 | D:7      | Reached XP level 10. HP: 62/76 MP: 0/22
  6281 | D:7      | Found a deep blue altar of Sif Muna.
  6326 | D:7      | Reached ** piety under Ashenzari
  6504 | D:7      | Found a hazy altar of Hepliaklqana.
  6805 | D:8      | Found a blossoming altar of Fedhas.
  6842 | D:8      | Found a staircase to the Lair.
  6858 | D:8      | Found a flagged portal.
  6876 | Bailey   | Entered a bailey
  7029 | Bailey   | Learned a level 3 spell: Stone Arrow
  7030 | Bailey   | Noticed an orc knight
  7078 | Bailey   | Killed an orc knight
  7294 | Bailey   | Found a burning altar of Makhleb.
  7370 | D:8      | Found a shattered altar of Ashenzari.
  7922 | D:8      | Found Wips's Demolitions Depot.
  8702 | D:9      | Noticed Maurice
  8719 | D:9      | Killed Maurice
  8816 | D:9      | Reached *** piety under Ashenzari
  8819 | D:9      | Found a staircase to the Orcish Mines.
  9235 | D:9      | Found Hiofuisch's Book Boutique.
  9587 | D:9      | Reached XP level 11. HP: 66/81 MP: 13/24
  9682 | D:9      | Found a bloodstained altar of Trog.
  9794 | D:9      | Found a roughly hewn altar of Beogh.
  9817 | D:9      | Reached skill level 10 in Spellcasting
  9817 | D:9      | Reached skill level 10 in Earth Magic
  9940 | D:10     | Entered Level 10 of the Dungeon
 10058 | D:10     | Noticed a two-headed ogre
 10104 | D:11     | Noticed a two-headed ogre
 10475 | D:10     | Killed a two-headed ogre
 10624 | D:10     | Noticed Gastronok
 11431 | D:10     | Killed Gastronok
 11445 | D:10     | Identified a scroll of acquirement {!r}
 11596 | D:10     | Noticed a two-headed ogre
 11614 | D:10     | Killed a two-headed ogre
 11661 | D:10     | Found Gero's Gadget Boutique.
 12546 | D:11     | Killed a two-headed ogre
 12546 | D:11     | Reached XP level 12. HP: 69/88 MP: 3/27
 12562 | D:11     | Reached skill level 5 in Shields
 13119 | D:11     | Noticed a two-headed ogre
 13138 | D:11     | Killed a two-headed ogre
 13202 | D:11     | Learned a level 3 spell: Mephitic Cloud
 13205 | D:11     | Learned a level 2 spell: Poisonous Vapours
 13320 | D:11     | Noticed wintastic's ghost (journeyman DsGl)
 13400 | D:11     | Noticed Sonja
 13427 | D:11     | Killed Sonja
 13857 | D:11     | Noticed Urug
 13873 | D:11     | Killed Urug
 14592 | D:12     | Reached **** piety under Ashenzari
 14616 | D:12     | Found a runed door.
 14623 | D:12     | Found a runed door.
 15518 | D:12     | Found a runed door.
 15537 | D:12     | Found a runed door.
 15553 | D:12     | Got the glaive of the Old World {chop, *Rage rN++ Int+6}
 16148 | D:13     | Noticed Josephine
 16185 | D:13     | Noticed a two-headed ogre
 16200 | D:13     | Killed a two-headed ogre
 16298 | D:13     | Noticed Rupert
 16455 | D:13     | Noticed a centaur warrior
 16501 | D:13     | Killed a centaur warrior
 16513 | D:13     | Noticed Frances
 16533 | D:13     | Reached skill level 10 in Shields
 16533 | D:13     | Gained mutation: You are in touch with the powers of death. [Mummy growth]
 16533 | D:13     | Reached XP level 13. HP: 93/93 MP: 25/28
 17471 | D:13     | Reached skill level 5 in Short Blades
 18508 | D:13     | Killed Josephine
 19197 | D:13     | Found a gate to the Vaults.
 20189 | D:14     | Noticed Azrael
 20637 | D:13     | HP: 1/93 [Frances/shard of ice (21)]
 21261 | D:13     | Killed Frances
 21261 | D:13     | Reached skill level 10 in Short Blades
 21261 | D:13     | Reached XP level 14. HP: 79/100 MP: 16/29
 21294 | D:13     | Found the +3 salamander hide armour {+Rage rF++}
 21294 | D:13     | Found the +6 lightning scales {run, rElec}
 22125 | D:11     | Noticed Erolcha
 22141 | D:11     | Killed Erolcha
 22451 | D:11     | Killed wintastic's ghost
 22584 | D:14     | Killed Azrael
 22587 | D:14     | Paralysed by an ogre mage for 5 turns
 22612 | D:13     | Reached skill level 5 in Stealth
 23173 | D:13     | Killed Rupert
 23184 | D:14     | Noticed Roxanne
 24732 | D:14     | Killed Roxanne
 24843 | D:14     | Learned a level 6 spell: Iron Shot
 25041 | D:15     | Entered Level 15 of the Dungeon
 26328 | D:15     | Found a staircase to the Depths.
 26460 | D:15     | Reached XP level 15. HP: 105/105 MP: 23/31
 26497 | D:15     | Reached skill level 1 in Conjurations
 27201 | D:15     | Reached ***** piety under Ashenzari
 27215 | D:15     | Found a shimmering altar of Xom.
 27408 | Orc:1    | Entered Level 1 of the Orcish Mines
 27499 | Orc:1    | Found a roughly hewn altar of Beogh.
 28480 | Orc:1    | Found a transporter.
 28480 | Orc:1    | Noticed Erica
 28490 | Orc:1    | Killed Erica
 28590 | Orc:1    | Reached skill level 5 in Conjurations
 28698 | Orc:1    | Noticed an orc warlord
 28698 | Orc:1    | Found a roughly hewn altar of Beogh.
 28715 | Orc:1    | Found a transporter.
 28990 | Orc:1    | Killed an orc warlord
 29350 | Orc:2    | Entered Level 2 of the Orcish Mines
 29374 | Orc:2    | Found Techere's Armour Shoppe.
 29377 | Orc:2    | Found Pofreu's Antique Armour Boutique.
 29792 | Orc:2    | Found Boraen's Armour Boutique.
 30861 | Orc:2    | Found a roughly hewn altar of Beogh.
 31323 | Orc:2    | Found a staircase to the Elven Halls.
 31366 | Orc:2    | Found Muetacw's General Store.
 31366 | Orc:2    | Found Runkygry's Distillery.
 31921 | D:4      | Bought a warped buckler for 228 gold pieces
 31921 | D:4      | Identified the +0 buckler "Naegot" {*Drain rPois Int+5} (You bought it in a shop on level 4 of the Dungeon)
 31921 | D:4      | Bought a pair of shimmering boots for 228 gold pieces
 31926 | D:4      | Identified the +1 pair of boots of Ucsesoke {rPois rC+ Regen+ Stlth-} (You bought it in a shop on level 4 of the Dungeon)
 32121 | Elf:1    | Entered Level 1 of the Elven Halls
 32213 | Elf:1    | Learned a level 4 spell: Cause Fear
 32337 | D:9      | Bought a book of Party Tricks for 700 gold pieces
 32339 | D:9      | Learned a level 1 spell: Summon Butterflies
 32341 | D:9      | Learned a level 1 spell: Apportation
 32348 | D:9      | Learned a level 6 spell: Invisibility
 32626 | Elf:1    | Reached skill level 1 in Hexes
 32673 | Elf:1    | Mangled by a dire flail of protection

Vault maps used:
D:1:      minmay_arrival_cross
D:2:      vehumet_crystals
D:3:      okawaru_trees_1, cheibriados_altar_1, uniq_grinder
D:4:      hangedman_ru_absence, nicolae_overflow_hidden_temple, first_ration,
          serial_shops, shop
D:5:      overflow_temple_1_default, lemuel_doored_altar,
          chequers_temple_overflow_statue_of_worship
D:6:      nicolae_whirlpool, kennysheep_vampire_church, zin_statuary,
          hangedman_decor_points, minmay_joined_circles, uniq_duvessa,
          uniq_eustachio
D:7:      lemuel_coloured_pillars_altar, tgw_sif, grunt_gozag_breadcrumbs,
          temple_fountains
D:8:      fedhas_altar_decomposition, lair_entry_dummy, enter_bailey_2,
          basic_altar, nicolae_blasting_shop
D:9:      kennysheep_little_box, minmay_orc_entry_temple_small, serial_shops,
          nicolae_shop_waterfront, uniq_maurice
D:10:     serial_shops, nicolae_shop_crystal, the_bakery, lemuel_flamethrower_2,
          uniq_gastronok
D:11:     fountainhead, hex_tiny, uniq_urug, uniq_erolcha, uniq_sonja
D:12:     minivault_4, minmay_statue_crystal_thing
D:13:     minmay_the_grid_octo_tiled_octocenter_mashed,
          lightli_vaults_fourway_checkpoint, uniq_josephine, uniq_rupert,
          uniq_frances
D:14:     hex_medium, uniq_azrael, uniq_roxanne
D:15:     hangedman_depths_entry_civil_slaughter, tgw_xom
Orc:1:    gammafunk_beogh_shrine, basic_altar, uniq_erica
Orc:2:    st_orc_town, serial_shops, shop_statue
Elf:1:    eino_elf_arrival_sip, minmay_elf_crystal_hexagon, minmay_crystal_room
Bailey:   bailey_axe_3, bailey

Skill      XL: |  1  2  3  4  5  6  7  8  9 10 11 12 13 14 15 |
---------------+----------------------------------------------+-----
Spellcasting   | 3 4 5 6 7 8 9 11 12 | 12.6
Earth Magic    | 3 4 5 6 7 8 9 11 12 | 12.6
Transmutations | 1 |  1.0
Stealth        | 2 3 6 8 |  8.0
Short Blades   | 1 3 10 | 10.1
Shields        | 1 2 4 10 | 10.0
Dodging        | 2 3 6 |  6.0
Fighting       | 5 6 |  6.0
Conjurations   | 6 |  6.0
Hexes          | 2 |  2.1

Action                   |  1- 3 |  4- 6 |  7- 9 | 10-12 | 13-15 || total
-------------------------+-------+-------+-------+-------+-------++-------
Melee: Unarmed           |     2 |       |       |       |       ||     2
       Short sword       |    26 |    33 |   118 |       |       ||   177
       Dagger            |       |       |   118 |   735 |   868 ||  1721
       Staff             |       |       |       |     1 |    45 ||    46
 Fire: Blowgun           |       |       |       |    35 |       ||    35
Throw: Stone             |       |     1 |     2 |       |       ||     3
 Cast: Sandblast         |    30 |    39 |   188 |    94 |     7 ||   358
       Passwall          |       |     2 |     4 |    28 |    10 ||    44
       Petrify           |       |       |    18 |   109 |   252 ||   379
       Lee's Rapid Decon |       |       |     4 |    28 |    79 ||   111
       Stone Arrow       |       |       |       |    71 |    59 ||   130
       Mephitic Cloud    |       |       |       |     1 |       ||     1
       Summon Butterflie |       |       |       |       |     1 ||     1
Invok: Curse Item        |       |       |     2 |     4 |       ||     6
  Use: Scroll            |       |       |       |    20 |    13 ||    33
 Stab: Sleeping          |     1 |       |     8 |    19 |     5 ||    33
       Petrified         |       |       |    33 |   203 |   230 ||   466
       Petrifying        |       |       |     2 |    20 |    71 ||    93
       Distracted        |       |       |       |       |     1 ||     1
Armor: Robe              |     6 |     5 |    69 |   121 |    70 ||   271
Dodge: Dodged            |    34 |    21 |   210 |   387 |   279 ||   931
Block: Buckler           |       |       |    38 |   124 |       ||   162
       Shield            |       |       |       |   104 |   368 ||   472

Table legend:
 A = Spawn XP
 B = Non-spawn XP
 C = Spawn XP percentage of total XP
 D = Spawn monster count
 E = Non-spawn monster count
 F = Spawn count percentage of total count
 G = Total turns spent on level
                    A         B        C        D         E        F      G
               +---------+---------+-------+---------+---------+-------+---------
         Total |       0 |  135645 |   0.0 |       0 |     690 |   0.0 | 32673
               +---------+---------+-------+---------+---------+-------+---------
           D:1 |       0 |     322 |   0.0 |       0 |      28 |   0.0 |   685
           D:2 |       0 |     191 |   0.0 |       0 |      32 |   0.0 |   669
           D:3 |       0 |      62 |   0.0 |       0 |      21 |   0.0 |  1024
           D:4 |       0 |     546 |   0.0 |       0 |      14 |   0.0 |  1173
           D:5 |       0 |    1067 |   0.0 |       0 |      24 |   0.0 |   906
           D:6 |       0 |    2908 |   0.0 |       0 |      57 |   0.0 |  1496
           D:7 |       0 |    1227 |   0.0 |       0 |      18 |   0.0 |  1027
           D:8 |       0 |    1491 |   0.0 |       0 |      24 |   0.0 |  1699
           D:9 |       0 |    3370 |   0.0 |       0 |      43 |   0.0 |  2122
          D:10 |       0 |    8161 |   0.0 |       0 |      46 |   0.0 |  2011
          D:11 |       0 |   10919 |   0.0 |       0 |      37 |   0.0 |  2125
          D:12 |       0 |    9333 |   0.0 |       0 |      40 |   0.0 |  3832
          D:13 |       0 |   34513 |   0.0 |       0 |      66 |   0.0 |  5001
          D:14 |       0 |   16204 |   0.0 |       0 |      39 |   0.0 |  2608
          D:15 |       0 |   17884 |   0.0 |       0 |      38 |   0.0 |  1402
         Orc:1 |       0 |   12746 |   0.0 |       0 |      77 |   0.0 |  2328
         Orc:2 |       0 |    8798 |   0.0 |       0 |      62 |   0.0 |  1922
         Elf:1 |       0 |    4990 |   0.0 |       0 |       8 |   0.0 |   193
        Bailey |       0 |     913 |   0.0 |       0 |      16 |   0.0 |   450
               +---------+---------+-------+---------+---------+-------+---------
